 Dungeon Crawl Stone Soup version 0.26-a0-812-g31a745ddcd (webtiles) character file.

Game seed: 15480759190944101898

973 nicanaca0 the Frost Mage (level 7, -3/56 HPs)
             Began as a White Draconian Ice Elementalist on Nov 23, 2020.
             Slain by a mummy (8 damage)
             ... in an ossuary.
             The game lasted 00:12:53 (6054 turns).

nicanaca0 the Frost Mage (DrIE)                     Turns: 6054, Time: 00:12:53

Health: -3/56      AC:  7    Str: 10    XL:     7   Next: 94%
Magic:  11/14      EV: 12    Int: 20    God:
Gold:   337        SH:  0    Dex:  8    Spells: 8/15 levels left

rFire    . . .     SeeInvis .   b - +2 rapier (venom)
rCold    + . .     Faith    .   (no shield)
rNeg     . . .     Spirit   .   (armour unavailable)
rPois    .         Reflect  .   (helmet restricted)
rElec    .         Harm     .   (no cloak)
rCorr    .         Rampage  .   (no gloves)
MR       .....                  j - +0 pair of boots
Stlth    ++........             (no amulet)
HPRegen  0.18/turn              m - ring of flight
MPRegen  0.14/turn              t - ring of Xeryoh {Int+3 Dex-4}

@: hasted, very quick
A: breathe frost, unfitting armour, cold resistance 1, cold-blooded, AC +6
a: Breathe Frost, Evoke Flight


You were in an ossuary.
You visited 1 branch of the dungeon, and saw 6 of its levels.
You also visited: Ossuary.

You collected 337 gold pieces.

Inventory:

Hand Weapons
 a - a +0 hunting sling
 b - a +2 rapier of venom (weapon)
 B - a +0 hand axe
Missiles
 c - 167 stones (quivered)
 f - 32 poisoned darts
 l - 2 javelins
 s - 24 sling bullets
Armour
 j - a +0 pair of boots (worn)
 v - a +0 buckler
Magical Staves
 A - an uncursed staff of conjuration
Jewellery
 m - a ring of flight (left hand)
 t - the ring of Xeryoh (right hand) {Int+3 Dex-4}
   (You found it on level 4 of the Dungeon)

   [ring of dexterity]

   It affects your intelligence (+3).
   It affects your dexterity (-4).
Wands
 n - a wand of polymorph (6)
 p - a wand of iceblast (13)
 x - a wand of digging (5)
 z - a wand of flame (36)
Scrolls
 d - 2 scrolls of remove curse {@r2}
 e - 6 scrolls of teleportation
 o - a scroll of fear
 q - a scroll of enchant armour {unknown}
 w - a scroll of noise
Potions
 g - a potion of curing {@q1}
 h - a potion of brilliance
 i - a potion of mutation
 r - 2 potions of heal wounds {@q2}
 u - 2 potions of magic


   Skills:
 + Level 2.4 Fighting
 - Level 1.7 Dodging
 - Level 1.7 Stealth
 + Level 2.2 Shields
 + Level 4.8 Spellcasting
 * Level 9.5 Ice Magic


You had 8 spell levels left.
You knew the following spells:

 Your Spells              Type           Power        Failure   Level
a - Freeze                Ice            ####         1%          1
b - Frozen Ramparts       Ice            #####.       1%          3
c - Ozocubu's Armour      Ice            #####...     1%          3

Your spell library contained the following spells:

 Spells                   Type           Power        Failure   Level
 Animate Skeleton         Necr           #.....       12%         1
 Apportation              Tloc           #.....       12%         1
 Corona                   Hex            #......      12%         1
 Summon Small Mammal      Summ           #...         12%         1
 Hailstorm                Conj/Ice       ###.....     17%         4
 Summon Ice Beast         Ice/Summ       ###.....     17%         4


Dungeon Overview and Level Annotations

Branches:
Dungeon (6/15)             Temple (0/1) D:6         Ossuary (1/1)

Altars:
Cheibriados
Hepliaklqana
Nemelex Xobeh
Xom
Yredelemnul


Innate Abilities, Weirdness & Mutations

You can breathe waves of freezing cold.
You can buffet flying creatures when you breathe cold.
Your icy white scales are hard. (AC +6)
You cannot fit into any form of body armour.
Your flesh is cold resistant. (rC+)
You are cold-blooded and may be slowed by cold attacks.


Message History

The hound zombie completely misses you. The mummy hits you.
The gnoll zombie hits you.
The hound zombie bites you but does no damage.
You barely miss the hound zombie. You tail-slap the hound zombie.
The hound zombie is severely damaged.
You closely miss the hound zombie.
The hound zombie is severely damaged.
The hound zombie bites you. The gnoll zombie closely misses you.
The mummy hits you!
* * * LOW HITPOINT WARNING * * *
The mummy hits you!
* * * LOW HITPOINT WARNING * * *
You puncture the hound zombie!
The hound zombie is almost destroyed.
The hound zombie closely misses you.
The gnoll zombie hits you but does no damage.
You puncture the hound zombie!
You destroy the hound zombie!
The mummy hits you!
You die...

#####################
#)['@ZZZ......Z∩Z.Z..
#.?#MMZZ......Z...Z..
####ZZZ......#####...
#..ZZZ...............
#....................
#.....##.............
#.....##.............
#....................
#..#.................


You could see 2 mummies, 2 hobgoblin zombies, a gnoll zombie, a kobold zombie, 2
orc zombies, 2 elf zombies and 3 human zombies.

Vanquished Creatures
  Menkaure (D:5)
  Duvessa (D:5)
  An ogre (D:5)
  Dowan (D:5)
  A bullfrog (D:5)
  2 scorpions
  A quasit (D:5)
  2 orc priests (D:3)
  A gnoll shaman (D:4)
  3 hounds (D:5)
  A bullfrog skeleton (D:6)
  2 worker ants (D:5)
  A hound zombie (Ossuary)
  A hound skeleton (D:4)
  A worker ant zombie (D:5)
  3 gnolls (D:4)
  3 adders
  An ooze (D:2)
  5 worms
  4 dart slugs
  2 leopard geckos
  4 orcs
  3 giant cockroaches
  6 goblins
  8 hobgoblins
  13 jackals
  11 kobolds
  2 quokkas
  A ball python (D:1)
  9 bats
  3 frilled lizards
  5 rats
103 creatures vanquished.

Notes
Turn   | Place    | Note
-------+----------+-------------------------------------------
     0 | D:1      | nicanaca0 the Draconian Ice Elementalist began the quest
                  | for the Orb.
     0 | D:1      | Reached XP level 1. HP: 14/14 MP: 3/3
   351 | D:1      | Reached XP level 2. HP: 20/20 MP: 5/5
   974 | D:2      | Reached XP level 3. HP: 26/26 MP: 1/6
  1288 | D:2      | Reached skill level 5 in Ice Magic
  1461 | D:2      | Learned a level 3 spell: Frozen Ramparts
  1540 | D:2      | Found a hazy altar of Hepliaklqana.
  1949 | D:2      | Reached XP level 4. HP: 17/33 MP: 2/8
  2588 | D:3      | HP: 1/33 [poisoned by a kobold]
  2754 | D:3      | Reached XP level 5. HP: 38/38 MP: 4/9
  2761 | D:3      | Learned a level 3 spell: Ozocubu's Armour
  2894 | D:3      | Found a faded altar of an unknown god.
  3155 | D:4      | Found a shimmering altar of Xom.
  3161 | D:4      | Got a coiled granite ring
  3162 | D:4      | Identified the cursed ring of Xeryoh {Int+3 Dex-4} (You
                  | found it on level 4 of the Dungeon)
  3463 | D:4      | Noticed a phantom
  3795 | D:4      | Reached skill level 6 in Ice Magic
  4576 | D:5      | Entered Level 5 of the Dungeon
  4576 | D:5      | Noticed a phantom
  4651 | D:5      | Reached XP level 6. HP: 23/45 MP: 4/11
  5047 | D:5      | Reached skill level 7 in Ice Magic
  5192 | D:5      | Noticed Dowan
  5212 | D:5      | Noticed Duvessa
  5238 | D:5      | Killed Duvessa
  5238 | D:5      | Reached skill level 1 in Fighting
  5238 | D:5      | Reached skill level 1 in Shields
  5238 | D:5      | Your scales start taking on an icy white colour.
  5238 | D:5      | Reached skill level 8 in Ice Magic
  5238 | D:5      | Reached XP level 7. HP: 24/52 MP: 7/13
  5238 | D:5      | Gained mutation: Your flesh is cold resistant. (rC+) [White
                  | Draconian growth]
  5244 | D:5      | Killed Dowan
  5244 | D:5      | Reached skill level 9 in Ice Magic
  5486 | D:5      | Found a basalt altar of Yredelemnul.
  5499 | D:5      | Noticed Menkaure
  5522 | D:5      | Killed Menkaure
  5724 | D:5      | Found a sparkling altar of Nemelex Xobeh.
  5724 | D:5      | Found a snail-covered altar of Cheibriados.
  5986 | D:6      | Found a sand-covered staircase.
  5997 | Ossuary  | Entered an ossuary
  6054 | Ossuary  | Slain by a mummy

Illustrated notes

Levels and vault maps discovered:
D:1:      minmay_arrival_arboretum_small, layout_loops_ring, chequers_arboretum
D:2:      layout_basic, lemuel_crystal_altar
D:3:      layout_rooms, chequers_ecumenical_altar_island
D:4:      layout_basic, xom_teletrap_fun
D:5:      layout_cave_pools, lemuel_doored_altar,
          gammafunk_temple_overflow_wave, uniq_duvessa, uniq_menkaure
D:6:      layout_basic, overflow_temple_1_default, minmay_temple_entry_waves,
          serial_shops, nicolae_shop_window_shopping,
          nicolae_ossuary_entry_plus, dk_noncrumbling_2
Ossuary:  ossuary_minmay_tomb_2a

Skill      XL: |  1  2  3  4  5  6  7 |
---------------+----------------------+-----
Ice Magic      | 5 6 8 9 |  9.5
Spellcasting   | 3 4 |  4.8
Fighting       | 1 2 |  2.4
Shields        | 1 2 |  2.2
Dodging        | |  1.7
Stealth        | |  1.7

Action                   |  1- 3 |  4- 6 |  7- 9 || total
-------------------------+-------+-------+-------++-------
Melee: Unarmed           |     4 |       |       ||     4
       Hand axe          |       |    16 |       ||    16
       Tailslap          |       |     1 |     3 ||     4
       Rapier            |       |       |    22 ||    22
 Fire: Hunting sling     |   100 |   132 |       ||   232
 Cast: Freeze            |    33 |    48 |     6 ||    87
       Frozen Ramparts   |       |     6 |     4 ||    10
       Ozocubu's Armour  |       |       |     1 ||     1
 Abil: Breathe Frost     |       |       |     1 ||     1
Evoke: Wand              |       |       |     4 ||     4
  Use: Potion            |       |     5 |     1 ||     6
       Scroll            |       |     9 |     5 ||    14
Armor: Skin              |    19 |    30 |    15 ||    64
Dodge: Dodged            |    45 |    54 |    38 ||   137
Block: Buckler           |       |     3 |       ||     3

Table legend: (Time is in decaauts)
 A = Elapsed time spent in this place.
 B = Non-inter-level travel time spent in this place.
 C = Inter-level travel time spent in this place.
 D = Time resting spent in this place.
 E = Time spent auto-exploring this place.
 F = Levels seen in this place.
 G = Mean time per level.
                   A        B        C        D        E       F      G
               +--------+--------+--------+--------+--------+-----+--------+
         Total |   6071 |   5861 |    210 |    448 |   4397 |   7 |  867.3 |
       Dungeon |   6023 |   5813 |    210 |    448 |   4397 |   6 | 1003.8 |
       Ossuary |     48 |     48 |      0 |      0 |      0 |   1 |   48.0 |
               +--------+--------+--------+--------+--------+-----+--------+

Top non-repeatable levels by time:
     D:2: 1375 daAuts
     D:4: 1330 daAuts
     D:5: 1294 daAuts
     D:3: 1048 daAuts
     D:1: 908 daAuts
     D:6: 67 daAuts
 Ossuary: 48 daAuts
